 Dungeon Crawl Stone Soup version 0.31.0-32-g396128a36d (webtiles) character file.

Game seed: 3563786065397696111

195318 WickedGoodPizza the Bludgeoner (level 17, -23/123 HPs)
             Began as a Demonspawn Necromancer on Mar 20, 2024.
             Was the Champion of Hepliaklqana.
             Annihilated by a vault warden
             ... wielding a +0 great sword
              (72 damage)
             ... on level 1 of the Vaults.
             The game lasted 01:17:10 (33057 turns).

WickedGoodPizza the Bludgeoner (DsNe)              Turns: 33057, Time: 01:17:10

Health: -23/123    AC: 35    Str: 15    XL:     17   Next: 70%
Magic:  26/33      EV: 16    Int: 23    God:    Hepliaklqana [******]
Gold:   3574       SH: 14    Dex: 18    Spells: 6/24 levels left

rFire   + + .        b - +9 morningstar (pain)
rCold   + + +        r - +3 warlock's mirror {omnireflect}
rNeg    + . .        O - +10 scale mail of the Watchman {rF+ rC+}
rPois   .            W - +3 crown of Dyrovepreva {rElec Int+2 SInv}
rElec   +            B - scarf {rC+ rF+}
rCorr   +            X - +1 pair of gloves "Elodoif" {Str+4}
SInv    +            s - +1 pair of boots "Arujax" {rC+ rN+ Dex+4 Stlth+}
Will    +....        i - amulet of reflection
Stlth   ++           T - +4 ring of protection
HPRegen 0.40/turn    F - ring of the Open Hand {+Blink rC+ rCorr MP+9}
MPRegen 0.23/turn

%: reflection
@: death channelling, fugue, fragile (+50% incoming damage), studying Axes
A: reduced essence, antennae 2, yellow scales 3, ignite blood 2, demonic magic
2, bedeviling
}: 1/15 runes: gossamer
a: Renounce Religion, Evoke Blink, Recall Ancestor, Ancestor Identity,
Transference, Idealise


You were on level 1 of the Vaults.
You worshipped Hepliaklqana.
Hepliaklqana was exalted by your worship.
You visited 6 branches of the dungeon, and saw 28 of its levels.
You also visited: Bailey and Gauntlet.

You collected 4715 gold pieces.
You spent 1141 gold pieces at shops.


Innate Abilities, Weirdness & Mutations

Your life essence is reduced to manifest your ancestor. (-10% HP)
You have a pair of antennae on your head.
You are completely covered in yellow scales. (AC +4, rCorr)
Your demonic aura often causes spilled blood to erupt in flames.
Spells you cast may paralyse nearby enemies.
Your hexes are more powerful.


   Skills:
 + Level 13.3 Fighting
 - Level 16.0 Maces & Flails
 - Level 12.0 Armour
 - Level 13.0 Dodging
 - Level 1.7 Stealth
 - Level 5.0 Shields
 - Level 4.0 Spellcasting
 - Level 6.0 Hexes
 - Level 16.0 Necromancy
 - Level 10.0 Invocations
 - Level 4.0 Evocations


You had 6 spell levels left.
You knew the following spells:

 Your Spells              Type           Power      Damage    Failure   Level
a - Animate Dead          Necr           67%        N/A       1%          4
d - Death Channel         Necr           33%        N/A       9%          6
f - Fugue of the Fallen   Necr           67%        N/A       1%          3
h - Anguish               Hex/Necr       35%        N/A       4%          4
X - Necrotise             Necr           100%       1d9       1%          1

Your spell library contained the following spells:

 Spells                   Type           Power      Damage    Failure   Level
 Sublimation of Blood     Necr           67%        N/A       1%          2
 Vampiric Draining        Necr           67%        2d10      1%          3
 Dispel Undead            Necr           67%        3d23      1%          4
 Curse of Agony           Necr           67%        N/A       1%          5
 Slow                     Hex            100%       N/A       3%          1
 Cigotuvi's Dreadful Rot  Necr/Alch/Air  58%        N/A       7%          2
 Martyr's Knell           Necr/Summ      41%        N/A       14%         4
 Ensorcelled Hibernation  Hex/Ice        54%        N/A       17%         2
 Dazzling Flash           Conj/Hex       54%        N/A       32%         3
 Inner Flame              Hex/Fire       27%        N/A       32%         3
 Magic Dart               Conj           16%        1d3       36%         1
 Sandblast                Erth           8%         2d5       36%         1
 Shock                    Conj/Air       16%        1d4       36%         1
 Summon Small Mammal      Summ           16%        N/A       36%         1
 Borgnjor's Vile Clutch   Necr/Erth      20%        N/A       36%         5
 Blink                    Tloc           8%         N/A       50%         2
 Call Imp                 Summ           8%         N/A       50%         2
 Lesser Beckoning         Tloc           8%         N/A       50%         2
 Searing Ray              Conj           8%         2d4       50%         2
 Call Canine Familiar     Summ           4%         N/A       75%         3
 Gell's Gravitas          Tloc           4%         N/A       75%         3
 Mephitic Cloud           Conj/Alch/Air  4%         N/A       75%         3
 Ozocubu's Armour         Ice            4%         N/A       75%         3
 Passwall                 Erth           4%         N/A       75%         3
 Stone Arrow              Conj/Erth      8%         3d7       75%         3
 Swiftness                Air            4%         N/A       75%         3
 Teleport Other           Tloc           4%         N/A       75%         3
 Metabolic Englaciation   Hex/Ice        13%        N/A       97%         5
 Silence                  Hex/Air        13%        N/A       97%         5
 Airstrike                Air            2%         2d(1-17)  98%         4
 Animate Armour           Summ/Erth      8%         N/A       98%         4
 Brom's Barrelling Bould  Conj/Erth      4%         2d3       98%         4
 Flame Wave               Conj/Fire      4%         2d5       98%         4
 Fulminant Prism          Conj/Alch      2%         3d5       98%         4
 Olgreb's Toxic Radiance  Alch           4%         N/A       98%         4
 Petrify                  Alch/Erth      4%         N/A       98%         4
 Sticky Flame             Fire/Alch      4%         2d4       98%         4
 Summon Blazeheart Golem  Fire/Summ      4%         N/A       98%         4
 Alistair's Intoxication  Alch           2%         N/A       100%        5
 Fireball                 Conj/Fire      2%         3d4       100%        5
 Irradiate                Conj/Alch      2%         3d12      100%        5
 Iskenderun's Battlesphe  Conj           4%         2d6       100%        5
 Conjure Ball Lightning   Conj/Air       2%         3x3d6     100%        6
 Eringya's Noxious Bog    Alch           2%         4d6       100%        6
 Plasma Beam              Fire/Air       2%         2x1d12    100%        6
 Sculpt Simulacrum        Ice/Alch       2%         N/A       100%        6
 Orb of Destruction       Conj           2%         9d5       100%        7
 Ozocubu's Refrigeration  Ice            2%         4d7       100%        7
 Discord                  Hex            24%        N/A       100%        8
 Disjunction              Tloc           2%         N/A       100%        8
 Ignition                 Fire           2%         3d3       100%        8
 Lehudib's Crystal Spear  Conj/Erth      2%         10d2      100%        8

Inventory:

Hand Weapons
 b - a +9 morningstar of pain (weapon)
Missiles
 x - 3 throwing nets {=f}
Armour
 r - the +3 warlock's mirror (worn) {omnireflect}
   (You acquired it on level 8 of the Dungeon)

   Omnireflect: It can block and reflect piercing ranged attacks and magical
   attacks against the wielder's willpower.
 s - the +1 pair of boots "Arujax" (worn) {rC+ rN+ Dex+4 Stlth+}
   (You bought it in a shop on level 2 of the Orcish Mines)

   Dex+4:     It affects your dexterity (+4).
   rC+:       It protects you from cold.
   rN+:       It protects you from negative energy.
   Stlth+:    It makes you more stealthy.
 t - a +2 cloak of preservation
 B - a scarf of resistance (worn)
 O - the +10 scale mail of the Watchman (worn) {rF+ rC+}
   (You found it on level 2 of the Lair of Beasts)

   rF+:       It protects you from fire.
   rC+:       It protects you from cold.
 W - the +3 crown of Dyrovepreva (worn) {rElec Int+2 SInv}
   (You found it in a Gauntlet)

   Int+2:     It affects your intelligence (+2).
   rElec:     It insulates you from electricity.
   SInv:      It lets you see invisible.
 X - the +1 pair of gloves "Elodoif" (worn) {Str+4}
   (You found it in a Gauntlet)

   Str+4:     It affects your strength (+4).
Jewellery
 i - an amulet of reflection (around neck)
 v - a ring of see invisible
 E - a +5 ring of evasion
 F - the ring of the Open Hand (right hand) {+Blink rC+ rCorr MP+9}
   (You found it in a Gauntlet)

   [ring of protection from cold]

   rC+:       It protects you from cold.
   MP+9:      It affects your magic capacity (+9).
   +Blink:    It lets you blink.
   rCorr:     It protects you from acid and corrosion.
 L - a ring of flight
 P - a ring of poison resistance
 T - a +4 ring of protection (left hand)
Wands
 a - a wand of digging (7)
 q - a wand of charming (32)
 G - a wand of acid (10)
 K - a wand of mindburst (13)
 R - a wand of roots (21)
 Z - a wand of flame (21)
Scrolls
 c - 5 scrolls of vulnerability
 d - 3 scrolls of teleportation {@r2}
 f - a scroll of enchant armour
 g - 4 scrolls of fear
 h - 2 scrolls of revelation
 l - 2 scrolls of butterflies
 m - 3 scrolls of poison
 n - 5 scrolls of immolation
 o - 10 scrolls of fog
 w - 3 scrolls of torment
 D - 4 scrolls of brand weapon
 J - 6 scrolls of blinking
 N - 5 scrolls of amnesia
 Q - 15 scrolls of identify {@r1}
Potions
 e - 2 potions of magic
 j - 4 potions of brilliance
 k - 3 potions of lignification
 p - 2 potions of invisibility
 u - 4 potions of heal wounds {@q2}
 z - 4 potions of cancellation
 A - 6 potions of haste {@q3}
 C - 8 potions of enlightenment
 H - 5 potions of mutation
 I - 16 potions of curing {@q1}
 S - a potion of might
 V - a potion of resistance
 Y - 4 potions of attraction
Miscellaneous
 y - a phial of floods
 M - a tin of tremorstones (2/2)
 U - a lightning rod (4/4)

Dungeon Overview and Level Annotations

Branches:
Dungeon (15/15)            Temple (1/1) D:7            Lair (5/5) D:10
 Shoals (0/4) Lair:3       Spider (4/4) Lair:2        Slime (0/5) Lair:4
    Orc (2/2) D:12            Elf (0/3) Orc:2        Vaults (1/5) D:13
 Depths (0/4) D:15         Bailey (visited)         Gauntlet (visited)

Altars:
Ashenzari
Cheibriados
Dithmenos
Fedhas
Gozag
Hepliaklqana
Kikubaaqudgha
Makhleb
Nemelex Xobeh
Okawaru
Qazlal
Ru
Sif Muna
Trog
Uskayaw
Wu Jian
Xom
Yredelemnul

Shops:
D:4 (   D:7 (   D:9 :   Orc:1 =   Orc:2 !=*[

Portals:
Abyss: D:5
Pandemonium: Orc:2

Annotations:
D:5 1 runed translucent door, 2 transporters, Crazy Yiuf; convarich's ghost, novice GrMo
D:9 Jeremiah
Lair:1 exclusion: oklob plant
Vaults:1 Asterion

▒▒▒))▒ .........▒.▒.......▒Z..
▒▒▒.▒..▒ .........▒.▒.......▒...
▒..)▒..▒▒▒▒▒▒▒▒▒▒▒▒▒.▒▒▒▒▒▒▒▒▒...
)...)....[..)..ZZZ.Z.............
)..)▒.........▒▒▒▒▒▒▒▒▒▒▒▒▒▒▒▒▒▒▒
....▒.........▒ ▒▒▒
...c▒........Z▒ ..▒ ,, {{
...c▒.........▒▒▒GZ▒▒2.▒
▒...▒.........▒p@ppHpk..
▒▒▒.▒.........▒+▒▒▒▒▒▒▒▒▒▒▒▒▒▒▒▒▒
▒▒▒........ZZZ{Z...............
▒....^....{Z{................
▒............................
▒▒▒▒▒....................▒▒▒▒▒▒▒▒
................▒▒▒▒▒▒▒▒.▒ ▒
................▒......'.▒ ▒
................▒.....R▒.▒ ▒


You could see Asterion, 2 vault wardens, a great orb of eyes, a blizzard demon
(summoned), a lindwurm, 2 ironbound convokers and a friendly spectral vault
sentinel.


Message History

The vault warden burns you.
* * * LOW HITPOINT WARNING * * *
The vault warden hits you with a +0 great sword!!
* * * LOW HITPOINT WARNING * * *
Unknown command.
Unknown command.
You feel much better.
The wailing of tortured souls fills the air!
Your spectral vault sentinel hits the vault warden.
Your spectral vault sentinel drains the vault warden.
The great orb of eyes bites you but does no damage.
The ironbound convoker closely misses your spectral vault sentinel.
You block the vault warden's attack.
The vault warden is engulfed in blazing flames.
The vault warden hits you with a +0 great sword!!
* * * LOW HITPOINT WARNING * * *
You feel much better.
Your spectral vault sentinel hits the vault warden but does no damage.
You block the great orb of eyes's attack.
You block the vault warden's attack.
The vault warden is engulfed in blazing flames.
The vault warden closely misses you.
You feel much better.
Your spectral vault sentinel misses the vault warden.
You block the vault warden's attack.
You block the great orb of eyes's attack.
The vault warden is engulfed in blazing flames.
The vault warden hits you with a +0 great sword!!!
Ouch! That really hurt!
You die...

Skill      XL: |  1  2  3  4  5  6  7  8  9 10 11 12 13 14 15 16 17 |
---------------+----------------------------------------------------+-----
Fighting       | 1 2 3 4 6 7 8 9 10 13 | 13.3
Necromancy     | 5 6 7 8 9 10 11 12 14 16 | 16.0
Maces & Flails | 1 4 7 10 11 12 13 15 16 | 16.0
Invocations    | 2 4 6 8 10 | 10.0
Shields        | 4 5 |  5.0
Hexes          | 3 5 6 |  6.0
Armour         | 6 9 10 12 | 12.0
Spellcasting   | 4 |  4.0
Dodging        | 3 8 12 13 | 13.0
Evocations     | 4 |  4.0
Stealth        | |  1.7

Action                     |  1- 3 |  4- 6 |  7- 9 | 10-12 | 13-15 | 16-18 || total
---------------------------+-------+-------+-------+-------+-------+-------++-------
  Melee: Dagger            |    82 |   266 |    96 |       |       |       ||   444
         Unarmed           |     5 |       |       |       |       |       ||     5
         Punch             |     1 |     2 |     7 |     2 |       |       ||    12
         Whip              |    81 |    13 |   187 |       |       |       ||   281
         Morningstar       |       |       |    76 |   478 |   925 |   531 ||  2010
  Throw: Dart              |       |       |     5 |       |       |       ||     5
   Cast: Necrotise         |     8 |    21 |    41 |     4 |       |       ||    74
         Animate Dead      |       |     1 |     6 |    10 |    17 |    12 ||    46
         Fugue of the Fall |       |       |       |     3 |    17 |    18 ||    38
         Anguish           |       |       |       |     1 |     3 |       ||     4
         Death Channel     |       |       |       |       |       |    11 ||    11
 Invoke: Recall Ancestor   |       |       |       |     2 |     4 |     4 ||    10
         Ancestor Life: He |       |       |       |     1 |       |       ||     1
  Evoke: Wand              |       |       |       |     8 |     4 |       ||    12
    Use: Potion            |       |     1 |       |     6 |       |     4 ||    11
         Scroll            |       |       |    13 |    17 |     5 |     2 ||    37
   Stab: Sleeping          |     8 |     9 |       |     1 |       |     4 ||    22
         Distracted        |     1 |     1 |       |     2 |    14 |    12 ||    30
         Paralysed         |       |     4 |    22 |    14 |    37 |    36 ||   113
         Invisible         |       |       |       |     2 |       |       ||     2
         Confused          |       |       |       |     2 |     9 |     7 ||    18
         Petrifying        |       |       |       |       |     1 |       ||     1
         Petrified         |       |       |       |       |     1 |       ||     1
 Armour: Robe              |    84 |   149 |    68 |       |       |       ||   301
         Ring mail         |       |       |   229 |   218 |       |       ||   447
         Troll leather arm |       |       |       |    64 |       |       ||    64
         Scale mail        |       |       |       |   150 |   518 |   446 ||  1114
  Dodge: Dodged            |    89 |   147 |   212 |   311 |   484 |   305 ||  1548
  Block: Buckler           |       |       |       |   160 |   346 |   323 ||   829
         Reflection        |       |       |       |     8 |    33 |    12 ||    53

Levels and vault maps discovered:
D:1:      psy_arrival_conway, layout_basic, minmay_gold_behind_fungi
D:2:      layout_basic, basic_altar, hangedman_decor_opposing, st_stairs_7,
          hangedman_abyss_or_decor_lesser_grid, nrook_mini_vaults,
          corner_web_ring, chequers_serial_rivers_micro_c
D:3:      layout_basic
D:4:      layout_loops_corners, gup_sewer_entry_pipe, serial_shops,
          nicolae_shop_behind_doors
D:5:      layout_gridville, minmay_overflow_temple_star_hex,
          gammafunk_ghost_abyssal_escape, uniq_crazy_yiuf_cottage
D:6:      layout_cave_pools, kennysheep_little_box, serial_park_tiny_1,
          st_stairs_6
D:7:      minmay_the_grid_four_pointed_star
          [minmay_the_grid_triangle_9x9_skeleton,
          minmay_the_grid_triangle_9x9_corrupted_corridor,
          minmay_the_grid_triangle_9x9_impossible_snake,
          minmay_the_grid_triangle_9x9_wacky_v,
          minmay_the_grid_prize_diamond_cup], layout_rooms,
          grunt_dithmenos_smoke, mainiacjoe_overflow_alcove_4,
          nicolae_overflow_hidden_temple, mainiacjoe_overflow_alcove_2,
          minmay_temple_entry_junction, serial_shops, shop_coins,
          kennysheep_crisscross
D:8:      layout_rooms, nicolae_overflow_crystal_walls, enter_bailey_2
D:9:      layout_cave_pods, grunt_temple_overflow_champion_of_chaos,
          amcnicky_altar_gilded, serial_shops, shop, uniq_amaemon, uniq_jeremiah
D:10:     layout_irregular_city, ashenzari_conservatory_becter,
          nicolae_gozag_cash_rules_everything_around_me, erik_lair_island,
          the_hattery
D:11:     layout_cross, portal_ice_cave_entry_pillars_2, uniq_maurice
D:12:     layout_rooms, david_orc_5, serial_library_regret_index_headful,
          uniq_lodul
D:13:     layout_roguey, hellmonk_vaults_keyhole, minmay_shattered_shrine
D:14:     layout_basic, kiku_gazebo_pond_becter, uniq_kirke
D:15:     grunt_enter_depths_giant_problem, layout_stronghold, uniq_agnes
Temple:   hellmonk_temple_flake
Lair:1:   lemuel_slime, layout_gridlike, cheibrodos_lair_caveside_slide,
          kennysheep_snail_temple, grunt_megastairs_3
Lair:2:   layout_roguey, nicolae_spider_entry_orb_guardian, evilmike_ambush
          [evilmike_ambush_outer_pillars, evilmike_ambush_inner_basic]
Lair:3:   layout_roguey, shoals_dummy_entry, gauntlet_entry_generic,
          infiniplex_staircase_pool, uniq_rupert
Lair:4:   layout_layer_cave, slime_entry_1, serial_bayou_ford_a, minivault_23
Lair:5:   hangedman_lair_caniforms_friends, layout_small_grid,
          guppyfry_lair_end_dragon, special_room [special_room_mythical_zoo]
Spider:1: layout_cave_pods, nicolae_spider_wall_of_niches
Spider:2: layout_chambers
Spider:3: layout_cave_pods, uniq_mara
Spider:4: grunt_spider_rune_parallel
Orc:1:    layout_caves, serial_shops, shop, mines2_david, uniq_sonja
Orc:2:    pf_orc_diabolical, layout_caves, basic_altar, lemuel_statue_altar,
          dreamdust_deal_with_the_devil
Vaults:1: dpeg_vaults_monster_row, nicolae_vaults_trapezoid_3,
          nicolae_vaults_trapezoid_2, vaults_mumra_chevron_long,
          hangedman_vaults_impose, v_misc_8, ontoclasm_vaults_chip,
          layout_vaults_omnigrid, serial_shops, shop, uniq_aizul, uniq_asterion

Notes
Turn   | Place    | Note
-------+----------+-------------------------------------------
     0 | D:1      | WickedGoodPizza the Demonspawn Necromancer began the quest
                  | for the Orb.
     0 | D:1      | Reached XP level 1. HP: 13/13 MP: 3/3
    93 | D:1      | Reached skill level 1 in Fighting
   168 | D:1      | Gained mutation: Your demonic aura sometimes causes spilled
                  | blood to erupt in flames. [demonic ancestry]
   168 | D:1      | Reached XP level 2. HP: 22/22 MP: 5/5
   386 | D:1      | Reached skill level 2 in Fighting
   869 | D:1      | Gained mutation: Spells you cast may paralyse adjacent
                  | enemies. [demonic ancestry]
   869 | D:1      | Reached XP level 3. HP: 23/27 MP: 6/6
  1266 | D:2      | Reached skill level 5 in Necromancy
  1298 | D:2      | Found a hide-covered altar of Uskayaw.
  1831 | D:2      | Reached skill level 3 in Fighting
  2045 | D:2      | Gained mutation: You have a pair of small antennae on your
                  | head. [demonic ancestry]
  2045 | D:2      | Reached XP level 4. HP: 35/35 MP: 7/7
  2861 | D:3      | Reached skill level 4 in Fighting
  3330 | D:3      | Learned a level 4 spell: Animate Dead
  3378 | D:4      | Reached XP level 5. HP: 41/42 MP: 8/8
  3600 | D:4      | Reached skill level 6 in Necromancy
  3737 | D:4      | Gained mutation: Your demonic aura often causes spilled
                  | blood to erupt in flames. [demonic ancestry]
  3737 | D:4      | Reached XP level 6. HP: 41/48 MP: 5/9
  4017 | D:4      | Reached skill level 7 in Necromancy
  4418 | D:4      | Found Mufub's Antique Weapon Emporium.
  4794 | D:5      | Entered Level 5 of the Dungeon
  4808 | D:5      | Reached skill level 1 in Maces & Flails
  4932 | D:5      | Reached XP level 7. HP: 43/54 MP: 10/10
  5026 | D:5      | Found a runed translucent door.
  5027 | D:5      | Noticed Crazy Yiuf
  5164 | D:5      | Reached skill level 2 in Maces & Flails
  5211 | D:5      | Found a transporter.
  5270 | D:5      | Reached skill level 8 in Necromancy
  5606 | D:5      | Reached skill level 3 in Maces & Flails
  5840 | D:5      | Found a shimmering blue altar of Sif Muna.
  5844 | D:5      | Found an ancient bone altar of Kikubaaqudgha.
  5844 | D:5      | Found a hide-covered altar of Uskayaw.
  5857 | D:5      | Found an ornate altar of the Wu Jian Council.
  5861 | D:5      | Found a stormy altar of Qazlal.
  6059 | D:5      | Found a one-way gate to the infinite horrors of the Abyss.
  6059 | D:5      | Noticed convarich's ghost (novice GrMo)
  6066 | D:5      | Noticed a small abomination
  6295 | D:5      | Found a transporter.
  6546 | D:6      | Reached skill level 4 in Maces & Flails
  6583 | D:5      | Reached XP level 8. HP: 18/60 MP: 5/11
  7085 | D:5      | HP: 3/60 [iguana (11)]
  7526 | D:5      | Reached skill level 5 in Maces & Flails
  7921 | D:6      | Reached skill level 9 in Necromancy
  8165 | D:6      | Reached skill level 6 in Maces & Flails
  8472 | D:6      | Reached skill level 7 in Maces & Flails
  8764 | D:7      | Found a staircase to the Ecumenical Temple.
  8772 | Temple   | Entered the Ecumenical Temple
  8787 | Temple   | Became a worshipper of Hepliaklqana the Forgotten
  8828 | D:7      | Reached skill level 1 in Invocations
  8837 | D:7      | Found Arril's Antique Weapon Shop.
  8846 | D:7      | Found a shadowy altar of Dithmenos.
  8921 | D:7      | Reached skill level 2 in Invocations
  9131 | D:7      | Gained mutation: Spells you cast may paralyse nearby
                  | enemies. [demonic ancestry]
  9131 | D:7      | Reached XP level 9. HP: 65/65 MP: 7/12
  9135 | D:7      | Noticed a manticore
  9141 | D:7      | Killed a manticore
  9142 | D:7      | Reached skill level 4 in Invocations
  9151 | D:7      | Noticed a cyclops
  9156 | D:7      | Killed a cyclops
  9157 | D:7      | Reached skill level 8 in Maces & Flails
  9229 | D:7      | Identified the +7 flail "Pezic" {protect, Stlth+}
  9363 | D:7      | Noticed a troll
  9379 | D:7      | Killed a troll
  9380 | D:7      | Reached skill level 9 in Maces & Flails
  9602 | D:7      | Reached skill level 10 in Maces & Flails
  9633 | D:7      | Identified the ring of Weef {Will+ rCorr MP+9 Int-5 SInv}
  9772 | D:7      | Found a basalt altar of Yredelemnul.
  9934 | D:7      | Found a bloodstained altar of Trog.
 10086 | D:8      | Reached * piety under Hepliaklqana
 10139 | D:8      | Found a blossoming altar of Fedhas.
 10180 | D:8      | Reached XP level 10. HP: 65/65 MP: 13/13
 10201 | D:8      | Found a flagged portal.
 10233 | Bailey   | Entered a bailey
 10299 | Bailey   | HP: 5/65 [gnoll sergeant/+0 halberd (15)]
 10316 | Bailey   | Reached skill level 5 in Fighting
 10382 | Bailey   | Identified the +0 plate armour of Atheism {Dex+3 Stlth+}
 10382 | Bailey   | Noticed Grum
 10408 | Bailey   | Killed Grum
 10422 | Bailey   | Identified a +0 crystal plate armour
 10439 | Bailey   | HP: 5/68 [gnoll sergeant/+0 halberd (9)]
 10570 | Bailey   | Reached skill level 6 in Fighting
 11181 | D:8      | Identified a scroll of acquirement
 11181 | D:8      | Acquired the +3 warlock's mirror {omnireflect}
 11181 | D:8      | Found the +3 warlock's mirror {omnireflect}
 11316 | D:9      | Found a sacrificial altar of Ru.
 11316 | D:9      | Noticed Amaemon
 11493 | D:8      | Killed Amaemon
 11494 | D:8      | Reached skill level 2 in Shields
 11494 | D:8      | Reached skill level 10 in Necromancy
 11512 | D:8      | Found a blossoming altar of Fedhas.
 11657 | D:9      | Noticed an orange demon
 11674 | D:9      | Killed an orange demon
 11729 | D:9      | Found Beggown's Book Shop.
 11737 | D:9      | Bought a book of Dreams for 312 gold pieces
 11741 | D:9      | Learned a level 3 spell: Fugue of the Fallen
 11746 | D:9      | Learned a level 4 spell: Anguish
 11951 | D:9      | Reached skill level 1 in Hexes
 12018 | D:9      | Reached skill level 3 in Shields
 12053 | D:9      | Found a shimmering altar of Xom.
 12053 | D:9      | Found a burning altar of Makhleb.
 12065 | D:9      | Reached skill level 11 in Maces & Flails
 12141 | D:9      | Reached skill level 2 in Hexes
 12252 | D:9      | Noticed Jeremiah
 12872 | D:10     | Entered Level 10 of the Dungeon
 12892 | D:10     | Reached ** piety under Hepliaklqana
 12905 | D:10     | Noticed a two-headed ogre
 12985 | D:10     | Reached skill level 4 in Shields
 12985 | D:10     | Reached skill level 3 in Hexes
 12985 | D:10     | Gained mutation: You are partially covered in yellow
                  | scales. (AC +2) [demonic ancestry]
 12985 | D:10     | Reached XP level 11. HP: 72/72 MP: 8/14
 12986 | D:10     | Killed a two-headed ogre
 12989 | D:10     | Reached skill level 4 in Hexes
 12999 | D:10     | Reached skill level 5 in Shields
 13086 | D:10     | Found a broken altar of Ashenzari.
 13110 | D:10     | Reached skill level 5 in Hexes
 13161 | D:10     | Found an opulent altar of Gozag.
 13325 | D:10     | Found a staircase to the Lair.
 13620 | D:10     | Remembered your ancestor Septimus as a hexer
 13788 | D:11     | Noticed Maurice
 13788 | D:11     | Noticed a boulder beetle
 13788 | D:11     | Found a frozen archway.
 13819 | D:11     | Noticed a centaur warrior
 13981 | Lair:1   | Entered Level 1 of the Lair of Beasts
 14076 | Lair:1   | Found a snail-covered altar of Cheibriados.
 14087 | Lair:1   | Reached skill level 5 in Invocations
 14191 | Lair:1   | Reached *** piety under Hepliaklqana
 14249 | Lair:1   | Noticed an oklob plant
 14268 | Lair:1   | Reached skill level 6 in Invocations
 14470 | Lair:1   | You fall into a shaft and drop 1 floor!
 14475 | Lair:2   | Reached skill level 7 in Fighting
 14506 | Lair:2   | Noticed a five-headed hydra
 14517 | Lair:2   | Killed a five-headed hydra
 14554 | Lair:2   | Found a hole to the Spider Nest.
 14554 | Lair:2   | Noticed an orb spider
 14566 | Lair:2   | Killed an orb spider
 14624 | Lair:2   | Reached skill level 11 in Necromancy
 14821 | Lair:2   | Identified the +10 scale mail of the Watchman {rF+ rC+}
 14852 | Lair:2   | Reached XP level 12. HP: 81/81 MP: 16/16
 14970 | Lair:2   | Reached skill level 1 in Armour
 15387 | Lair:1   | Noticed a boulder beetle
 15403 | Lair:1   | Killed a boulder beetle
 15537 | Lair:1   | Reached skill level 8 in Fighting
 15755 | Lair:3   | Found a gate leading to a gauntlet.
 15759 | Gauntlet | Entered a Gauntlet
 15759 | Gauntlet | Found a transporter.
 15759 | Gauntlet | Found a transporter.
 15759 | Gauntlet | Reached **** piety under Hepliaklqana
 15768 | Gauntlet | Found a transporter.
 15771 | Gauntlet | Found a transporter.
 15780 | Gauntlet | Found a transporter.
 15783 | Gauntlet | Found a transporter.
 15789 | Gauntlet | Found a runed translucent gate.
 15789 | Gauntlet | Found a runed translucent gate.
 15789 | Gauntlet | Found a runed translucent gate.
 15791 | Gauntlet | Found a transporter.
 15807 | Gauntlet | Found a transporter.
 15821 | Gauntlet | Found a transporter.
 15825 | Gauntlet | Found a transporter.
 15829 | Gauntlet | Found a runed translucent door.
 15829 | Gauntlet | Found a runed translucent door.
 15833 | Gauntlet | Found a transporter.
 15837 | Gauntlet | Found a transporter.
 15918 | Gauntlet | Reached skill level 2 in Armour
 15956 | Gauntlet | Reached skill level 12 in Maces & Flails
 15994 | Gauntlet | Identified the ring of the Open Hand {+Blink rC+ rCorr
                  | MP+9}
 16013 | Gauntlet | Reached skill level 3 in Spellcasting
 16170 | Gauntlet | Identified a potion of resistance
 16381 | Gauntlet | Noticed a minotaur
 16382 | Gauntlet | Found the +3 crown of Dyrovepreva {rElec Int+2 SInv}
 16386 | Gauntlet | Killed a minotaur
 16387 | Gauntlet | Reached skill level 3 in Armour
 16391 | Gauntlet | Identified the +1 pair of gloves "Elodoif" {Str+4}
 16642 | Lair:3   | Reached skill level 12 in Necromancy
 16692 | Lair:3   | Found a staircase to the Shoals.
 16696 | Lair:3   | Reached skill level 4 in Spellcasting
 16755 | Lair:3   | Reached skill level 4 in Armour
 16765 | Lair:3   | Noticed Rupert
 16773 | Lair:3   | Noticed a six-headed hydra
 16776 | Lair:3   | Killed Rupert
 16777 | Lair:3   | Reached skill level 5 in Armour
 16777 | Lair:3   | Reached skill level 6 in Hexes
 16784 | Lair:3   | Killed a six-headed hydra
 16785 | Lair:3   | Reached skill level 6 in Armour
 16833 | Lair:3   | Acquired 1278 gold pieces
 17437 | Lair:4   | Gained mutation: You are mostly covered in yellow scales.
                  | (AC +3) [demonic ancestry]
 17437 | Lair:4   | Reached XP level 13. HP: 88/88 MP: 15/19
 17669 | Lair:4   | Found a staircase to the Slime Pits.
 17704 | Lair:4   | Reached skill level 7 in Armour
 18535 | Lair:5   | Entered Level 5 of the Lair of Beasts
 18572 | Lair:5   | Reached skill level 8 in Armour
 18639 | Lair:5   | Reached ***** piety under Hepliaklqana
 18653 | Lair:5   | Reached skill level 13 in Maces & Flails
 18780 | Lair:5   | Reached skill level 9 in Armour
 18911 | Lair:5   | Identified the maw talisman of Midwinter {rN+}
 18965 | Lair:5   | Gained mutation: You are completely covered in yellow
                  | scales. (AC +4, rCorr) [demonic ancestry]
 18965 | Lair:5   | Reached XP level 14. HP: 94/94 MP: 16/20
 18972 | Lair:5   | Reached skill level 14 in Maces & Flails
 19012 | Lair:5   | Reached skill level 10 in Armour
 19022 | Lair:5   | Identified the +0 robe of Dogmatism {^Contam rPois rF+++
                  | rCorr}
 19026 | Lair:5   | Got the Compilation of Imprecation and Austromancy
 19539 | Lair:5   | Identified the +5 rapier "Ultimatum" {speed, rC- Int+7}
 20053 | D:11     | Killed Maurice
 20141 | D:11     | Reached skill level 15 in Maces & Flails
 20453 | D:11     | Reached skill level 7 in Invocations
 20988 | D:12     | Found a staircase to the Orcish Mines.
 20989 | D:12     | Noticed Lodul
 21005 | D:12     | Killed Lodul
 21237 | D:12     | Reached skill level 9 in Fighting
 21237 | D:12     | Reached skill level 2 in Dodging
 21237 | D:12     | Reached skill level 8 in Invocations
 21693 | D:13     | Noticed an ironbound thunderhulk
 21701 | D:13     | Reached skill level 3 in Dodging
 21704 | D:13     | Killed an ironbound thunderhulk
 21739 | D:13     | Found a gate to the Vaults.
 21805 | D:13     | Reached XP level 15. HP: 98/101 MP: 15/21
 21806 | D:13     | Reached skill level 13 in Necromancy
 21975 | D:13     | Reached skill level 4 in Dodging
 22178 | D:13     | Reached skill level 9 in Invocations
 22468 | D:13     | Reached ****** piety under Hepliaklqana
 22695 | D:14     | Reached skill level 5 in Dodging
 23157 | D:14     | Reached skill level 1 in Evocations
 23169 | D:14     | Reached skill level 10 in Fighting
 23169 | D:14     | Reached skill level 6 in Dodging
 23310 | D:14     | Found an ancient bone altar of Kikubaaqudgha.
 23436 | D:14     | Noticed Kirke
 23453 | D:14     | Killed Kirke
 23628 | D:14     | Reached skill level 10 in Invocations
 23636 | D:14     | Reached skill level 2 in Evocations
 23836 | D:15     | Entered Level 15 of the Dungeon
 23908 | D:15     | Found a staircase to the Depths.
 24524 | D:15     | Noticed Agnes
 24532 | D:15     | Killed Agnes
 24533 | D:15     | Reached skill level 7 in Dodging
 24853 | D:15     | Learned a level 6 spell: Death Channel
 24945 | Orc:1    | Entered Level 1 of the Orcish Mines
 25026 | Orc:1    | Reached skill level 3 in Evocations
 25030 | Orc:1    | Found Soutwol's Jewellery Shoppe.
 25075 | Orc:1    | Noticed Sonja
 25080 | Orc:1    | Killed Sonja
 25302 | Orc:2    | Entered Level 2 of the Orcish Mines
 25472 | Orc:2    | Found Ytabun's General Store.
 25477 | Orc:2    | Found Pusust's Distillery.
 25547 | Orc:2    | Bought a potion of haste for 160 gold pieces
 25547 | Orc:2    | Bought a potion of curing for 48 gold pieces
 25547 | Orc:2    | Bought a potion of heal wounds for 80 gold pieces
 25547 | Orc:2    | Bought a potion of haste for 160 gold pieces
 25547 | Orc:2    | Bought 2 potions of curing for 96 gold pieces
 25547 | Orc:2    | Bought a potion of curing for 48 gold pieces
 25564 | Orc:2    | Found a staircase to the Elven Halls.
 25572 | Orc:2    | Found a shimmering altar of Xom.
 25684 | Orc:2    | Reached skill level 16 in Maces & Flails
 25949 | Orc:2    | Reached skill level 14 in Necromancy
 26110 | Orc:2    | Reached skill level 4 in Evocations
 26117 | Orc:2    | Reached skill level 8 in Dodging
 26237 | Orc:2    | Gained mutation: Your hexes are more powerful. [demonic
                  | ancestry]
 26237 | Orc:2    | Reached XP level 16. HP: 108/109 MP: 17/23
 26357 | Orc:2    | Found Ohuaxi's Jewellery Shoppe.
 26357 | Orc:2    | Found Cathrisa's Antique Armour Emporium.
 26358 | Orc:2    | Found a one-way gate leading to the halls of Pandemonium.
 26362 | Orc:2    | Bought a pair of smoking boots for 237 gold pieces
 26362 | Orc:2    | Identified the +1 pair of boots "Arujax" {rC+ rN+ Dex+4
                  | Stlth+} (You bought it in a shop on level 2 of the Orcish
                  | Mines)
 26609 | Spider:1 | Entered Level 1 of the Spider Nest
 26615 | Spider:1 | Reached skill level 9 in Dodging
 26858 | Spider:1 | Reached skill level 10 in Dodging
 26932 | Spider:1 | Reached skill level 15 in Necromancy
 27242 | Spider:1 | Reached skill level 11 in Dodging
 28758 | Spider:2 | Reached skill level 12 in Dodging
 29361 | Spider:3 | Reached skill level 16 in Necromancy
 29427 | Spider:3 | Noticed Mara
 29444 | Spider:3 | Killed Mara
 29445 | Spider:3 | Reached skill level 11 in Armour
 30280 | Spider:4 | Entered Level 4 of the Spider Nest
 30417 | Spider:4 | Reached skill level 12 in Armour
 30466 | Spider:4 | Gained mutation: You have a pair of antennae on your head.
                  | [demonic ancestry]
 30466 | Spider:4 | Reached XP level 17. HP: 61/115 MP: 24/24
 30897 | Spider:4 | Reached skill level 13 in Dodging
 31258 | Spider:4 | Reached skill level 11 in Fighting
 31676 | Spider:4 | Identified the +2 pair of boots "Jivauwkaif" {rElec Dex+3}
 31682 | Spider:4 | Got a gossamer rune of Zot
 31687 | Spider:4 | Identified a scarf of resistance
 32280 | Vaults:1 | Entered Level 1 of the Vaults
 32368 | Vaults:1 | Reached skill level 12 in Fighting
 32803 | Vaults:1 | Reached skill level 13 in Fighting
 33053 | Vaults:1 | Noticed Asterion
 33055 | Vaults:1 | HP: 4/123 [vault warden/+0 great sword (36)]
 33057 | Vaults:1 | Annihilated by a vault warden

Vanquished Creatures
  Rupert (Lair:3)
  Agnes (D:15)
  Kirke (D:14)
  A ghost moth (Spider:4)
  A deep elf sorcerer (Vaults:1)
  3 emperor scorpions
  An ironbound preserver (Vaults:1)
  A stone giant (D:15)
  A minotaur (Gauntlet)
  A spark wasp (Spider:4)
  A crystal guardian (Vaults:1)
  5 entropy weavers
  A fire dragon (D:13)
  7 hydras
  2 demonspawn (Orc:2)
  A jorogumo (Spider:1)
  An ice dragon (Lair:5)
  A peacekeeper (Vaults:1)
  10 centaur warriors
  A catoblepas (Lair:5)
  An ironbound frostheart (Vaults:1)
  3 boulder beetles
  2 two-headed ogres
  A death scarab (Spider:1)
  A demonic crawler (Spider:3)
  A tengu warrior (D:13)
  7 orc high priests (Orc:2)
  Amaemon (D:8)
  Sonja (Orc:1)
  10 skeletal warriors
  Lodul (D:12)
  4 pharaoh ants
  2 deep trolls (Vaults:1)
  A swamp dragon (Lair:5)
  A sun moth (Spider:4)
  2 arcanists
  6 steelbarb worms
  4 lindwurms
  2 ironbound convokers (Vaults:1)
  17 ugly things
  A wolf spider zombie (Spider:4)
  2 necromancers (D:12)
  16 wolf spiders
  2 orc knights (Orc:2)
  4 cyclopes
  2 orc sorcerers (Orc:2)
  9 elephants
  A kobold blastminer (Orc:1)
  5 manticores
  A moth of wrath (Spider:3)
  Maurice (D:11)
  12 meliai
  6 black mambas
  A vault sentinel (Vaults:1)
  An orange demon (D:9)
  6 torpor snails
  2 gargoyles
  7 cane toads
  11 yaktaurs
  An unseen horror (D:13)
  2 minotaur zombies (Gauntlet)
  3 kobold demonologists
  9 komodo dragons
  6 rime drakes
  An efreet (D:15)
  2 hydra zombies
  A redback zombie (Spider:3)
  An ice devil (Orc:2)
  A queen bee (Gauntlet)
  10 polar bears
  26 tarantellas
  A tarantella zombie (Spider:1)
  4 blink frogs
  A jumping spider zombie (Spider:1)
  7 trolls
  2 dream sheep (Lair:5)
  11 culicivoras
  9 jumping spiders
  2 centaur simulacra (Gauntlet)
  7 slime creatures
  A spriggan (D:10)
  A shadow (D:13)
  2 water elementals (D:14)
  9 wyverns
  3 wraiths
  8 basilisks
  3 hogs (D:14)
  20 yaks
  2 humans (D:13)
  5 wargs
  3 chaos spawn (Orc:2)
  8 vampire mosquitoes
  Grum (Bailey)
  32 redbacks
  A redback simulacrum (Gauntlet)
  A steam dragon (D:6)
  A deep troll zombie (Vaults:1)
  2 harpy simulacra (Gauntlet)
  4 acid dragons (Lair:5)
  10 hell hounds (Lair:5)
  4 water moccasins
  28 orc warriors
  2 sky beasts
  A swamp drake (shapeshifter) (D:14)
  2 dream sheep zombies (Lair:5)
  A manticore zombie (D:7)
  A black bear (shapeshifter) (D:13)
  A blink frog zombie (Lair:1)
  An elephant zombie (Lair:4)
  11 black bears
  31 wolves
  3 laughing skulls
  8 ogres
  A boggart (D:12)
  11 centaurs
  2 phantoms
  A komodo dragon zombie (D:13)
  14 bullfrogs
  A yaktaur zombie (Vaults:1)
  2 hell hound zombies (Lair:5)
  10 gnoll sergeants
  A warg zombie (Lair:5)
  3 scorpions
  A cyclops zombie (D:13)
  A wyvern zombie (Lair:5)
  8 yak zombies
  7 killer bees
  2 polar bear zombies
  9 wolf zombies
  7 electric eels
  3 howler monkeys
  A crimson imp (D:9)
  5 centaur zombies
  A bombardier beetle (D:4)
  19 orc priests
  A black bear zombie (Lair:5)
  9 hounds
  16 jellies
  7 gnoll boudas
  9 iguanas
  17 orc wizards
  A hell rat (Lair:5)
  2 ogre zombies (D:12)
  A hound zombie (D:10)
  10 adders
  30 gnolls
  A shadow imp (D:7)
  A white imp (D:5)
  5 gnoll zombies
  2 dart slugs
  A ribbon worm (D:3)
  69 orcs
  6 ball pythons
  20 endoplasms
  7 giant cockroaches
  11 goblins
  9 hobgoblins
  10 quokkas
  4 bats
  3 frilled lizards
  9 kobolds
  36 orc zombies
  5 rats
930 creatures vanquished.

Vanquished Creatures (collateral kills)
  Mara (Spider:3)
  An emperor scorpion (Spider:4)
  A vault warden (Vaults:1)
  A ghost moth (Spider:4)
  A broodmother (Spider:4)
  An ironbound preserver (Vaults:1)
  An ironbound thunderhulk (D:13)
  An entropy weaver (Spider:4)
  A centaur warrior (D:14)
  A hydra (Lair:5)
  4 boulder beetles
  2 radroaches (Spider:4)
  An anaconda (Lair:5)
  3 demonic crawlers
  A hell hog (Lair:5)
  5 pharaoh ants
  3 orb spiders
  6 deep trolls (Vaults:1)
  A deep elf pyromancer (D:12)
  An orc knight (Orc:2)
  3 steelbarb worms
  A wolf spider (Spider:3)
  A sphinx simulacrum (D:15)
  2 orc sorcerers (Orc:2)
  2 ugly things (D:14)
  A cyclops (D:7)
  2 moths of wrath
  3 meliai
  3 elephants
  A black mamba (Lair:4)
  A kobold blastminer (Orc:2)
  2 torpor snails
  2 cane toads
  A komodo dragon (Lair:4)
  A rime drake (Lair:5)
  2 polar bears (Lair:5)
  8 tarantellas
  A troll (D:7)
  A blink frog (Lair:1)
  A raiju (Lair:5)
  3 dream sheep (Lair:5)
  3 slime creatures
  11 culicivoras
  11 jumping spiders
  A water elemental (D:14)
  2 wargs (Lair:5)
  7 yaks
  19 redbacks
  A steam dragon (Lair:5)
  An acid dragon (Lair:5)
  2 water moccasins
  4 hell hounds (Lair:5)
  2 black bears
  An ice beast (D:7)
  2 orc warriors (Orc:2)
  7 wolves
  2 ogres
  3 centaurs
  4 bullfrogs
  A killer bee (Gauntlet)
  2 electric eels
  2 orc priests
  An orc wizard (D:7)
  2 hell rats (Lair:5)
  A gnoll (D:7)
  A white imp (D:7)
  16 orcs
  An endoplasm (Lair:1)
189 creatures vanquished.

Vanquished Creatures (others)
  2 wolf spider zombies
  3 centaur zombies (D:13)
  6 redback zombies
  2 human zombies (Vaults:1)
  A hydra zombie (Lair:5)
  2 jumping spider zombies (Spider:4)
  3 culicivora zombies (Spider:4)
  5 meliai zombies
  4 tarantella zombies (Spider:4)
  A blink frog (Lair:4)
  A black mamba zombie (Lair:4)
  A redback (Spider:1)
  4 deep troll zombies (Vaults:1)
  A cane toad zombie (Lair:5)
  An entropy weaver zombie (Spider:4)
  An elephant zombie (Lair:4)
  A wolf (Lair:5)
  An ogre (D:12)
  A yaktaur zombie (Vaults:1)
  3 hell hound zombies (Lair:5)
  A wyvern zombie (Lair:5)
  A warg zombie (Lair:5)
  A troll zombie (D:13)
  3 yak zombies
  7 polar bear zombies (Lair:5)
  2 wolf zombies
  An orc priest (D:12)
  2 basilisk zombies
  8 black bear zombies (Lair:5)
  2 ancestors (Bailey)
  16 hexers
  2 ogre zombies (D:12)
  A hound zombie (D:10)
  A gnoll (D:6)
  6 gnoll zombies
  A jelly zombie (D:6)
  29 orc zombies
128 creatures vanquished.

Grand Total: 1247 creatures vanquished

Table legend: (Time is in decaauts)
 A = Elapsed time spent in this place.
 B = Non-inter-level travel time spent in this place.
 C = Inter-level travel time spent in this place.
 D = Time resting spent in this place.
 E = Time spent auto-exploring this place.
 F = Levels seen in this place.
 G = Mean time per level.
                   A        B        C        D        E       F      G
               +--------+--------+--------+--------+--------+-----+--------+
         Total |  32852 |  30968 |   1884 |   5791 |  19252 |  30 | 1095.1 |
       Dungeon |  18580 |  17585 |    995 |   3909 |  10492 |  15 | 1238.7 |
        Temple |     24 |     15 |      9 |      0 |      0 |   1 |   24.0 |
          Lair |   5465 |   4983 |    482 |    466 |   3559 |   5 | 1093.0 |
   Spider Nest |   5327 |   5013 |    314 |    952 |   3245 |   4 | 1331.8 |
  Orcish Mines |   1448 |   1367 |     81 |     22 |    961 |   2 |  724.0 |
        Vaults |    758 |    758 |      0 |      0 |    606 |   1 |  758.0 |
        Bailey |    521 |    521 |      0 |    109 |    230 |   1 |  521.0 |
      Gauntlet |    725 |    725 |      0 |    333 |    159 |   1 |  725.0 |
               +--------+--------+--------+--------+--------+-----+--------+

Top non-repeatable levels by time:
     D:5: 2789 daAuts
     D:4: 1735 daAuts
Spider:4: 1648 daAuts
Spider:2: 1456 daAuts
  Lair:1: 1289 daAuts
     D:1: 1263 daAuts
     D:2: 1245 daAuts
Spider:1: 1240 daAuts
     D:9: 1226 daAuts
  Lair:5: 1204 daAuts
  Lair:4: 1183 daAuts
    D:14: 1136 daAuts
    D:13: 1129 daAuts
     D:7: 1122 daAuts
    D:10: 1117 daAuts

Table legend:
 A = Non-vault XP
 B = Vault XP
 C = Vault XP percentage of total XP
 D = Non-vault monster count
 E = Vault monster count
 F = Vault count percentage of total count
                 A         B        C        D         E       F
            +---------+---------+-------+---------+---------+-------
      Total |  172984 |   95313 |  35.5 |     679 |     356 |  34.4
            +---------+---------+-------+---------+---------+-------
        D:1 |      47 |       0 |   0.0 |      25 |       0 |   0.0
        D:2 |      42 |      15 |  26.3 |      17 |       2 |  10.5
        D:3 |      81 |       0 |   0.0 |      19 |       0 |   0.0
        D:4 |     399 |      14 |   3.4 |      27 |       7 |  20.6
        D:5 |     946 |       0 |   0.0 |      24 |       0 |   0.0
        D:6 |     719 |     233 |  24.5 |      13 |       2 |  13.3
        D:7 |    1046 |    1726 |  62.3 |      32 |      12 |  27.3
        D:8 |     963 |     771 |  44.5 |      25 |       1 |   3.8
        D:9 |     889 |     599 |  40.3 |       5 |       3 |  37.5
       D:10 |    3865 |    1125 |  22.5 |      17 |       9 |  34.6
       D:11 |    8362 |     494 |   5.6 |      36 |       1 |   2.7
       D:12 |    9337 |    4189 |  31.0 |      25 |      33 |  56.9
       D:13 |    7990 |    8290 |  50.9 |      29 |      16 |  35.6
       D:14 |   17052 |    1984 |  10.4 |      38 |       4 |   9.5
       D:15 |    2254 |    2549 |  53.1 |       6 |       2 |  25.0
     Lair:1 |    3750 |    1861 |  33.2 |      13 |      26 |  66.7
     Lair:2 |    3095 |    1562 |  33.5 |      12 |       3 |  20.0
     Lair:3 |    5161 |    1959 |  27.5 |      22 |       1 |   4.3
     Lair:4 |   10477 |       0 |   0.0 |      29 |       0 |   0.0
     Lair:5 |    9687 |   18469 |  65.6 |      28 |      85 |  75.2
   Spider:1 |   23201 |    3391 |  12.8 |      64 |       5 |   7.2
   Spider:2 |   10186 |       0 |   0.0 |      34 |       0 |   0.0
   Spider:3 |    9450 |    4417 |  31.9 |      21 |       1 |   4.5
   Spider:4 |   23209 |   14612 |  38.6 |      53 |      31 |  36.9
      Orc:1 |    1600 |     908 |  36.2 |      25 |       5 |  16.7
      Orc:2 |     974 |   15118 |  93.9 |      12 |      57 |  82.6
   Vaults:1 |   18202 |    5412 |  22.9 |      28 |       7 |  20.0
     Bailey |       0 |    1590 | 100.0 |       0 |      26 | 100.0
   Gauntlet |       0 |    4025 | 100.0 |       0 |      17 | 100.0
            +---------+---------+-------+---------+---------+-------
